 Dungeon Crawl Stone Soup version 0.23.0-3-gf3c87f2 (webtiles) character file.

Game seed: 13865587234612851759

206 Borgoz the Cutter (level 5, -2/32 HPs)
             Began as a Gargoyle Gladiator on Feb 24, 2019.
             Killed by divine providence
             ... invoked by an orc priest
              (14 damage)
             ... on level 3 of the Dungeon.
             The game lasted 00:04:00 (2740 turns).

Borgoz the Cutter (Gargoyle Gladiator)              Turns: 2740, Time: 00:04:01

Health: -2/32      AC:  9    Str: 18    XL:     5   Next: 84%
Magic:  5/5        EV: 12    Int:  8    God:
Gold:   213        SH:  0    Dex: 12    Spells: 4/4 levels left

rFire    . . .     SeeInvis .   a - +0 rapier
rCold    . . .     Gourm    .   (no shield)
rNeg     + . .     Faith    .   b - +0 leather armour
rPois    ∞         Spirit   .   c - +0 helmet
rElec    +         Reflect  .   (no cloak)
rCorr    .         Harm     .   r - +0 pair of gloves
MR       .....                  (no boots)
Stlth    ++........             (no amulet)
HPRegen  0.10/turn              h - ring of stealth
MPRegen  0.09/turn              (no ring)

@: very slightly contaminated, heavily drained, invisible
A: negative energy resistance 1, electricity resistance, unbreathing,
petrification resistance, rot immunity, AC +4
a: no special abilities


You were on level 3 of the Dungeon.
You were not hungry.

You visited 1 branch of the dungeon, and saw 4 of its levels.

You collected 213 gold pieces.

Inventory:

Hand Weapons
 a - a +0 rapier (weapon)
Missiles
 d - 3 throwing nets (quivered)
Armour
 b - a +0 leather armour (worn)
 c - a +0 helmet (worn)
 r - a +0 pair of gloves (worn)
Jewellery
 h - a ring of stealth (left hand)
Scrolls
 e - 5 scrolls of remove curse {unknown}
 i - a scroll of enchant armour {unknown}
 j - 3 scrolls of immolation {unknown}
 l - a scroll of identify {unknown}
 m - a scroll of magic mapping {unknown}
 p - 3 scrolls of teleportation {unknown}
 v - a scroll of blinking {unknown}
Potions
 g - a potion of heal wounds {unknown}
 n - 2 potions of flight {unknown}
 o - 2 potions of ambrosia {unknown}
 q - 2 potions of curing {unknown}
 t - a potion of brilliance {unknown}
 u - a potion of magic {unknown}
 w - a potion of berserk rage {unknown}
 x - 2 potions of mutation {unknown}
Comestibles
 f - 9 rations


   Skills:
 + Level 2.9(1.6) Fighting
 * Level 3.8(2.5) Short Blades
 + Level 2.3(1.0) Throwing
 + Level 1.8(0.5) Armour
 * Level 3.3(1.9) Dodging
 + Level 1.9(0.6) Stealth


You had 4 spell levels left.
You didn't know any spells.
Your spell library was empty.

Dungeon Overview and Level Annotations

Branches:
Dungeon (4/15)
 Temple: D:4-7

Altars:
Gozag
Ru
Zin


Innate Abilities, Weirdness & Mutations

You are resistant to torment.
Your stone body is resilient. (AC +4)
You are immune to poison.
You resist negative energy. (rN+)
You are resistant to electric shocks. (rElec)
You can survive without breathing.
You are immune to petrification.
You are immune to rotting.


Message History

The orc priest hits you with a +0 hand axe.
The orc priest drinks a potion.
The orc priest seems to grow stronger.
You fade into invisibility!
The orc hits you but does no damage.
You are very lightly contaminated with residual magic.
You closely miss the orc.
The orc throws a tomahawk.
The tomahawk misses the orc.
The orc barely misses you.
You puncture the orc!
You kill the orc!
The orc throws a tomahawk.
The tomahawk closely misses the orc.
You puncture the orc!
You kill the orc!
The orc priest barely misses you. The orc wizard misses you.
The orc barely misses you.
Items here: ( )) [ † a +0 short sword; a +0 leather armour; a +0 flail; 2 tomahawks; an orc corpse You hit the orc priest but do no damage.
The orc priest invokes the aid of Beogh against you.
Beogh smites you!
You die...

#.....######.#.#...
#..........#.#.#...
#........#.#.#.#...
#........#.........
#........#)........
#######........#.........
...............#.#)#.....
.......o####...#.#(#.####
.......o@........#.#.....
.....<.o##########.#####.
......... ..#.....## #.
..).....## .........# #.
.....(..# .......(.# #.
......... .........#####
#######.. )........o....
#.. .........#####
.........#


You could see an orc priest, an orc wizard and an orc.

Vanquished Creatures
  An orc wizard (D:3)
  8 adders
  3 oozes
  3 dart slugs
  4 leopard geckos
  8 orcs
  A ball python (D:1)
  5 giant cockroaches
  14 goblins
  4 hobgoblins
  A jackal (D:1)
  4 kobolds
  A quokka (D:3)
  7 bats
  3 frilled lizards
  9 rats
76 creatures vanquished.

Notes
Turn   | Place    | Note
-------+----------+-------------------------------------------
     0 | D:1      | Borgoz the Gargoyle Gladiator began the quest for the Orb.
     0 | D:1      | Reached XP level 1. HP: 12/12 MP: 1/1
    71 | D:1      | Reached XP level 2. HP: 6/17 MP: 2/2
   418 | D:1      | Reached XP level 3. HP: 22/22 MP: 3/3
   878 | D:2      | Found a glowing silver altar of Zin.
  1089 | D:2      | Reached skill level 1 in Stealth
  1112 | D:2      | Reached skill level 1 in Armour
  1430 | D:2      | Reached XP level 4. HP: 27/27 MP: 4/4
  1963 | D:3      | Reached XP level 5. HP: 18/31 MP: 5/5
  2322 | D:3      | Found a sacrificial altar of Ru.
  2678 | D:3      | Found an opulent altar of Gozag.
  2740 | D:3      | Killed from afar by an orc priest

Skill      XL: |  1  2  3  4 |
---------------+-------------+-----
Short Blades   | 3 |  3.8
Throwing       | 2 |  2.3
Stealth        | 1 |  1.9
Armour         | 1 |  1.8
Dodging        | 3 |  3.3
Fighting       | |  2.9

Action                   |  1- 3 |  4- 6 || total
-------------------------+-------+-------++-------
Melee: Rapier            |    75 |   151 ||   226
  Use: Potion            |       |     2 ||     2
 Stab: Sleeping          |     8 |     5 ||    13
       Invisible         |       |     1 ||     1
  Eat: Chunk             |     1 |     5 ||     6
Armor: Leather armour    |    18 |    81 ||    99
Dodge: Dodged            |    42 |   124 ||   166
